Map: Kairos Junction LE

Players

ShoWTimE

  • Race: Protoss Protoss
  • League: Grandmaster
  • Spawn Location: 5:00

Lambo - Winner!

  • Race: Zerg Zerg
  • League: Grandmaster
  • Spawn Location: 11:00

VOD

Have the link to the VOD?

Description

Time

  • Played on: Dec. 5, 2018, 8:16 a.m.
  • Length: 15:27
Show
View Real Time Build Order
Export as new Build Order

ShoWTimE Protoss 

Build Orders: 1 Gate Expand, Oracle Opening, Phoenix Opening, Carriers, Chargelot Immortal, Mass Phoenix 

Get SALT Encoding   

  12  0:00  Probe  
  13  0:12  Probe  
  14  0:17  Pylon  
  14  0:24  Probe  
  15  0:32  Probe  
  15  0:40  Probe  
  15  0:42  Gateway  
  16  0:46  Assimilator  
  17  0:51  Probe  
  18  1:03  Probe  
  19  1:15  Probe  
  20  1:24  Nexus  
  20  1:36  Cybernetics Core  
  20  1:37  Probe  
  21  1:43  Assimilator  
  21  1:49  Probe  
  21  1:52  Pylon  
  22  2:01  Probe  
  22  2:03  Adept  
  23  2:13  Probe  
  26  2:16  Stargate  
  26  2:21  Adept  
  26  2:23  Warp Gate  
  26  2:26  Probe  
  27  2:32  Probe  
  30  2:38  Probe  
  30  2:40  Probe  
  31  2:46  Adept  
  31  2:50  Probe x2  
  35  2:55  Phoenix  
  36  3:02  Probe  
  36  3:04  Probe  
  40  3:10  Pylon  
  40  3:14  Probe  
  40  3:16  Oracle  
  42  3:20  Probe  
  42  3:26  Probe  
  46  3:27  Assimilator  
  46  3:29  Assimilator  
  46  3:32  Probe  
  47  3:39  Gateway  
  47  3:40  Probe  
  48  3:44  Probe  
  49  3:52  Probe  
  49  3:55  Adept  
  50  3:56  Probe  
  50  4:01  Stargate  
  49  4:04  Probe  
  49  4:07  Pylon, Phoenix  
  49  4:08  Probe  
  53  4:16  Probe, Pylon  
  54  4:21  Probe  
  54  4:28  Phoenix  
  54  4:30  Probe  
  55  4:32  Adept  
  55  4:37  Phoenix  
  60  4:39  Adept  
  64  4:47  Phoenix  
  64  4:48  Pylon  
  64  4:52  Adept  
  66  4:55  Pylon  
  68  5:00  Phoenix  
  70  5:12  Nexus  
  70  5:13  Probe x2  
  72  5:15  Phoenix  
  74  5:25  Probe x2  
  74  5:26  Shield Battery  
  76  5:34  Pylon  
  76  5:35  Phoenix  
  76  5:37  Probe x2  
  76  5:41  Robotics Facility  
  78  5:46  Robotics Facility  
  78  5:49  Probe  
  79  5:50  Probe  
  79  5:52  Sentry x2  
  84  5:57  Pylon  
  84  6:01  Probe  
  84  6:02  Probe  
  86  6:13  Probe  
  86  6:15  Probe  
  86  6:16  Forge  
  86  6:17  Twilight Council  
  88  6:24  Probe  
  88  6:25  Immortal, Probe  
  89  6:26  Assimilator  
  89  6:27  Probe  
  89  6:28  Observer  
  89  6:30  Assimilator  
  89  6:34  Probe  
  89  6:35  Probe  
  89  6:37  Probe  
  95  6:40  Protoss Ground Weapons Level 1  
  95  6:42  Probe  
  95  6:43  Probe  
  97  6:49  Immortal  
  97  6:50  Charge, Probe  
  97  6:52  Probe  
  103  7:04  Gateway, Immortal  
  107  7:10  Gateway  
  107  7:13  Gateway  
  107  7:14  Pylon  
  107  7:16  Pylon  
  107  7:28  Warp Prism  
  107  7:29  Gateway  
  109  7:30  Gateway  
  109  7:39  Gateway  
  109  7:43  Immortal  
  113  7:54  Templar Archives  
  113  8:04  Immortal  
  117  8:10  Nexus, Shield Battery  
  117  8:11  Pylon  
  117  8:12  Pylon  
  117  8:14  Psionic Storm  
  117  8:22  Pylon  
  117  8:23  Immortal, Shield Battery  
  117  8:26  Photon Cannon  
  121  8:27  Photon Cannon  
  121  8:32  Shield Battery  
  121  8:34  High Templar, Shield Battery  
  123  8:36  High Templar x2, Shield Battery  
  123  8:39  Protoss Ground Weapons Level 2, High Templar x2  
  131  8:43  Immortal  
  135  8:51  Pylon  
  135  8:52  Pylon  
  135  8:58  Zealot x3  
  135  9:02  Probe x3  
  144  9:04  Photon Cannon  
  144  9:10  Immortal  
  144  9:13  Zealot  
  150  9:17  High Templar  
  150  9:18  Probe  
  150  9:19  Probe x2  
  150  9:24  Zealot x2  
  159  9:26  Zealot  
  159  9:29  Zealot  
  163  9:33  Zealot x2  
  167  9:39  Immortal  
  167  9:44  Zealot x3  
  177  9:49  Probe x2  
  177  9:50  Assimilator  
  177  9:52  Assimilator  
  171  9:55  High Templar x5  
  171  9:56  Probe  
  180  10:01  Immortal  
  172  10:08  Archon  
  168  10:18  Immortal  
  160  10:26  Zealot x3  
  144  10:30  Immortal  
  144  10:35  Zealot x4  
  145  10:36  High Templar  
  149  10:48  High Templar, Zealot x2  
  153  10:57  Immortal  
  153  11:00  Zealot x3  
  153  11:03  Zealot  
  165  11:05  Immortal  
  165  11:16  High Templar x3  
  167  11:26  Fleet Beacon, Zealot x2  
  167  11:27  Immortal, Zealot x3  
  171  11:39  Immortal  
  171  11:43  Protoss Ground Weapons Level 3  
  175  11:48  Photon Cannon  
  175  11:49  Photon Cannon  
  175  11:50  Pylon  
  175  11:52  Zealot x8  
  187  11:54  Protoss Air Weapons Level 1  
  187  12:03  Stargate  
  187  12:12  Carrier  
  193  12:26  Zealot x2  
  193  12:29  Pylon  
  195  12:30  Carrier  
  191  12:38  Nexus  
  191  12:40  Pylon  
  191  12:43  Zealot x2  
  191  12:44  Zealot x2  
  181  12:49  Carrier  
  183  13:12  Blink  
  183  13:15  Carrier  
  183  13:19  Zealot  
  191  13:20  Zealot x4  
  191  13:22  Dark Shrine  
  195  13:34  Carrier  
  195  13:38  Zealot x2  
  197  13:46  Carrier  
  174  14:00  Zealot x6  
  182  14:10  Carrier  
  137  14:26  High Templar x3  
  137  14:27  High Templar x3  
  130  14:51  Observer x2  
  132  14:57  Nexus  
Show
View Real Time Build Order
Export as new Build Order

Lambo Zerg - Winner!

Build Orders: Hatch First, Brood Lord Corruptor, Swarm Host 

Get SALT Encoding   

  12  0:01  Drone  
  13  0:12  Overlord  
  13  0:16  Drone  
  14  0:30  Drone  
  14  0:31  Drone  
  16  0:48  Hatchery  
  15  0:51  Drone  
  15  0:56  Drone  
  17  0:59  Drone  
  18  1:10  Extractor  
  17  1:14  Spawning Pool  
  17  1:17  Drone  
  17  1:20  Drone  
  18  1:28  Drone  
  19  1:40  Drone  
  20  1:50  Drone  
  21  2:01  Queen x2, Zergling x2  
  21  2:02  Overlord  
  26  2:11  Metabolic Boost, Drone  
  26  2:13  Drone  
  28  2:21  Drone  
  28  2:22  Drone  
  30  2:37  Hatchery  
  29  2:41  Drone  
  30  2:44  Queen  
  30  2:48  Overlord  
  30  2:51  Drone  
  33  2:52  Drone  
  34  3:00  Drone x2  
  36  3:08  Drone x2  
  36  3:11  Drone x3  
  41  3:15  Overlord  
  41  3:21  Overlord  
  41  3:26  Drone  
  42  3:27  Queen  
  44  3:34  Zergling x2  
  44  3:36  Zergling x2  
  46  3:46  Drone x3  
  46  3:48  Drone  
  47  3:49  Drone x2  
  47  3:51  Drone  
  48  3:58  Spore Crawler  
  48  3:59  Drone x3  
  50  4:04  Spore Crawler, Queen  
  50  4:09  Drone x2  
  53  4:10  Overlord  
  53  4:16  Drone x2  
  55  4:19  Lair  
  55  4:22  Drone x2  
  55  4:23  Roach Warren  
  56  4:24  Overlord  
  56  4:32  Zergling x6  
  56  4:35  Drone x2  
  61  4:40  Drone x3  
  61  4:44  Drone x3  
  67  4:47  Queen  
  67  4:49  Extractor  
  67  4:50  Extractor  
  67  4:51  Overlord  
  67  4:52  Drone  
  68  4:58  Overlord  
  67  5:00  Overlord, Zergling x2  
  67  5:01  Drone x2  
  69  5:08  Drone x2  
  69  5:09  Drone x2  
  69  5:14  Drone x2  
  75  5:18  Drone x5  
  75  5:20  Drone x2  
  82  5:26  Queen  
  84  5:29  Roach  
  84  5:30  Roach x2  
  90  5:37  Hydralisk Den, Extractor  
  90  5:39  Extractor x2  
  90  5:42  Evolution Chamber  
  89  5:48  Spore Crawler  
  87  5:52  Drone x4  
  87  5:56  Drone x2  
  87  5:57  Drone x2  
  90  5:59  Drone  
  90  6:01  Drone  
  91  6:05  Spore Crawler  
  91  6:07  Grooved Spines  
  91  6:08  Spore Crawler  
  91  6:09  Spore Crawler, Hatchery  
  91  6:10  Drone x5  
  89  6:14  Drone x2  
  89  6:19  Zerg Missile Weapons Level 1  
  89  6:25  Spore Crawler  
  88  6:28  Drone x2  
  89  6:38  Overlord x2, Infestation Pit  
  88  6:40  Baneling Nest  
  86  6:50  Drone x4  
  88  6:55  Drone  
  88  7:00  Drone x8  
  97  7:10  Hydralisk x3  
  97  7:11  Hydralisk  
  97  7:14  Overlord  
  105  7:18  Muscular Augments  
  103  7:27  Drone x10  
  112  7:32  Hydralisk x2, Spore Crawler  
  112  7:35  Centrifical Hooks  
  114  7:42  Hydralisk x2  
  114  7:43  Extractor  
  116  7:45  Hydralisk x2  
  116  7:54  Hydralisk  
  116  7:55  Overlord x2  
  116  7:56  Overlord  
  118  8:05  Overlord  
  118  8:10  Drone, Overlord  
  118  8:11  Overlord  
  119  8:15  Hydralisk x11  
  119  8:17  Zerg Missile Weapons Level 2  
  141  8:28  Swarm Host x6  
  159  8:34  Swarm Host  
  159  8:35  Swarm Host x2  
  159  8:38  Hatchery  
  159  8:39  Drone  
  168  8:43  Overlord x2, Spine Crawler  
  168  8:48  Overlord  
  167  8:49  Overlord  
  167  8:55  Zergling x2  
  168  8:56  Overlord x2  
  167  9:03  Overlord  
  167  9:04  Zergling x26  
  167  9:08  Swarm Host  
  183  9:13  Zergling x12  
  189  9:18  Zergling x6  
  189  9:23  Zergling x4  
  194  9:26  Zergling x2  
  194  9:28  Baneling x18  
  195  9:34  Hive  
  195  9:39  Spire  
  192  9:46  Zergling x2  
  192  9:47  Zergling x12  
  192  9:52  Spine Crawler  
  194  9:53  Spine Crawler  
  194  9:57  Hydralisk x3  
  192  10:04  Zergling x8  
  192  10:05  Zergling x4  
  193  10:10  Zergling x8  
  193  10:11  Zergling x4  
  187  10:16  Zergling x10  
  187  10:18  Zergling x4  
  170  10:22  Zergling x4  
  170  10:24  Hydralisk x2  
  157  10:30  Swarm Host  
  157  10:35  Swarm Host x2  
  157  10:36  Swarm Host  
  157  10:40  Zerg Melee Weapons Level 1  
  165  10:43  Evolution Chamber  
  165  10:47  Drone x3  
  165  10:48  Drone x4  
  169  10:51  Drone x2, Queen  
  169  10:55  Spine Crawler  
  169  10:56  Spine Crawler  
  171  11:00  Greater Spire  
  170  11:09  Corruptor x4  
  175  11:12  Corruptor  
  175  11:14  Overlord  
  176  11:20  Corruptor x2  
  173  11:31  Zergling x22  
  183  11:33  Zergling x2  
  183  11:34  Zergling x2  
  183  11:35  Baneling x4  
  183  11:39  Baneling x5  
  182  11:43  Corruptor  
  180  12:06  Corruptor x2  
  180  12:07  Overseer  
  184  12:10  Extractor x2  
  184  12:11  Overlord  
  184  12:13  Brood Lord x6, Queen  
  196  12:18  Drone x2  
  196  12:19  Zerg Missile Weapons Level 3  
  198  12:23  Extractor  
  198  12:26  Spine Crawler  
  198  12:28  Overseer  
  193  12:39  Brood Lord x2  
  187  12:47  Drone x3  
  187  12:48  Spine Crawler  
  187  12:49  Spine Crawler  
  187  12:50  Hydralisk x4  
  196  12:57  Brood Lord  
  198  13:17  Baneling x10  
  198  13:18  Baneling x3  
  195  13:30  Overseer x2  
  195  13:31  Pneumatized Carapace  
  195  13:42  Overlord  
  195  13:44  Hydralisk x3  
  173  13:56  Hydralisk x13  
  197  14:09  Hydralisk  
  199  14:23  Overlord  
  191  14:33  Hydralisk x5  
  199  14:41  Zergling x2  
  200  14:54  Hatchery  
Tags
 
Add a new tag
Caveats
  • Supply blocks, unpowered buildings, or Contaminate may cause inaccurate times.
  • Supply counts are checked every 10 seconds.